 Dungeon Crawl Stone Soup version 0.30-a0-800-g7c544603b3 (webtiles) character file.

Game seed: 11890245493536857823

2 Misst the Slasher (level 1, -5/18 HPs)
             Began as a Human Berserker on Feb 22, 2023.
             Was a Follower of Trog.
             Engulfed by a cloud of poison gas (9 damage)
             ... on level 1 of the Dungeon.
             The game lasted 00:06:19 (132 turns).

Misst the Slasher (Human Berserker)                  Turns: 132, Time: 00:06:20

Health: -5/18      AC:  5    Str: 17    XL:     1   Next: 44%
Magic:  1/1        EV: 11    Int:  7    God:    Trog [*.....]
Gold:   29         SH:  0    Dex: 12    Spells: 0/0 levels left

rFire   . . .      SeeInvis .    a - +0 falchion
rCold   . . .      Faith    .    (no shield)
rNeg    . . .      Spirit   .    g - +0 ring mail
rPois   .          Reflect  .    (no helmet)
rElec   .          Harm     .    (no cloak)
rCorr   .          Rampage  .    (no gloves)
Will    .....                    (no boots)
Stlth   +                        (no amulet)
HPRegen 0.23/turn                (no ring)
MPRegen 0.07/turn                (no ring)

@: lethally poisoned (-5 -> -45)
A: no striking features
a: Renounce Religion, Berserk


You were on level 1 of the Dungeon.
You worshipped Trog.
Trog was aware of your devotion.
You visited 1 branch of the dungeon, and saw 1 of its levels.

You collected 29 gold pieces.

Inventory:

Hand Weapons
 a - a +0 falchion (weapon)
Armour
 b - a +0 animal skin
 g - a +0 ring mail (worn)
Scrolls
 e - a scroll of identify {unknown}
 f - a scroll of magic mapping {unknown}
Potions
 d - a potion of haste {unknown}


   Skills:
 + Level 3.0 Fighting
 + Level 3.0 Long Blades
 + Level 2.0 Armour
 + Level 2.0 Dodging


You couldn't memorise any spells.
You didn't know any spells.
Your spell library contained the following spells:

 Spells                   Type           Power      Damage    Failure   Level
 Hailstorm                Conj/Ice       0%         3d3       94%         3
 Ice Form                 Ice/Tmut       0%         N/A       100%        4
 Simulacrum               Ice/Necr       0%         N/A       100%        6


Dungeon Overview and Level Annotations

Branches:
Dungeon (1/15)

Altars:


Message History

You don't know any spells.
There's nothing to open nearby.
Okay, then.
Save game and exit? [Y]es or [N]o only, please.
Save game and exit?
Okay, then.
You aren't wearing any rings or amulets.
The air fills with toxic fumes!
As you read the scroll labelled XALEFY LICSEDGH, it crumbles to dust.
It was a scroll of poison.
A kobold opens the door.
Really walk into that cloud of poison gas?
Okay, then.
Unknown command.
Unknown command.
Unknown command.
Really walk into that cloud of poison gas? [Y]es or [N]o only, please.
Really walk into that cloud of poison gas?
Okay, then.
Save game and exit? [Y]es or [N]o only, please.
Save game and exit?
Welcome back, Misst the Human Berserker.
Trog says: Kill them all!
Press ? for a list of commands and other information.
Really walk into that cloud of poison gas? [Y]es or [N]o only, please.
Really walk into that cloud of poison gas?
You are engulfed in poison gas.
You are poisoned.
You feel very sick.
You are engulfed in poison gas.
You are lethally poisoned!
* * * LOW HITPOINT WARNING * * *
You feel very sick.
You see here a smoky grey potion.
You are engulfed in poison gas.
You are more poisoned.
Ouch! That really hurt!
You die...

# # # # #### ...# ...#
...#########+#####+##§###
..........§§§§§.@§§§§§§.+
...########§§§§§§§§§§§#.#
...### #§§§§#§§§§§§#
.....# #§§§.#§§§§§§#
...#.### #§§..#§§§g§§#
####...# #§...#§§§§§§#
###.# #.....§#K#§§# #.#
#.....§...§§§ #.#


You could see a hobgoblin and a kobold.

Vanquished Creatures
  A ball python (D:1)
  A kobold (D:1)
2 creatures vanquished.

Notes
Turn   | Place    | Note
-------+----------+-------------------------------------------
     0 | D:1      | Misst the Human Berserker began the quest for the Orb.
     0 | D:1      | Reached XP level 1. HP: 18/18 MP: 1/1
   132 | D:1      | Engulfed by a cloud of poison gas

Illustrated notes

Levels and vault maps discovered:
D:1:      evilmike_arrival_plus, layout_basic, st_stairs_7, minivault_25

Action                     || total
---------------------------++-------
  Melee: Falchion          ||     4
    Use: Scroll            ||     1
 Armour: Animal skin       ||     2
  Dodge: Dodged            ||     1

Table legend: (Time is in decaauts)
 A = Elapsed time spent in this place.
 B = Non-inter-level travel time spent in this place.
 C = Inter-level travel time spent in this place.
 D = Time resting spent in this place.
 E = Time spent auto-exploring this place.
 F = Levels seen in this place.
 G = Mean time per level.
                   A        B        C        D        E       F      G
               +--------+--------+--------+--------+--------+-----+--------+
         Total |    133 |     45 |     88 |      0 |      0 |   1 |  133.0 |
       Dungeon |    133 |     45 |     88 |      0 |      0 |   1 |  133.0 |
               +--------+--------+--------+--------+--------+-----+--------+

Top non-repeatable levels by time:
     D:1: 133 daAuts
